 Dungeon Crawl Stone Soup version 0.30-a0-219-gf2db51d15e (webtiles) character file.

Game seed: 15332823412874768044

63 Decritt the Sneak (level 3, -9/17 HPs)
             Began as a Spriggan Enchanter on Oct 7, 2022.
             Killed from afar by Ijyb (18 damage)
             ... with a bolt of acid
             ... on level 3 of the Dungeon.
             The game lasted 00:04:06 (2017 turns).

Decritt the Sneak (Spriggan Enchanter)              Turns: 2017, Time: 00:04:07

Health: -9/17      AC:  3    Str:  4    XL:     3   Next: 87%
Magic:  8/8        EV: 18    Int: 16    God:
Gold:   130        SH:  0    Dex: 17    Spells: 8/8 levels left

rFire   . . .      SeeInvis +    a - +1 dagger
rCold   . . .      Faith    .    (no shield)
rNeg    . . .      Spirit   .    b - +0 robe
rPois   .          Reflect  .    (helmet restricted)
rElec   .          Harm     .    j - +0 cloak
rCorr   .          Rampage  .    (gloves unavailable)
Will    .....                    (boots unavailable)
Stlth   +++.......               (no amulet)
HPRegen 0.22/turn                (no ring)
MPRegen 0.11/turn                (no ring)

@: very quick
A: very small, no large weapons, unfitting armour, see invisible, speed 3
a: no special abilities


You were on level 3 of the Dungeon.
You visited 1 branch of the dungeon, and saw 3 of its levels.

You collected 130 gold pieces.

Inventory:

Hand Weapons
 a - a +1 dagger (weapon)
Armour
 b - a +0 robe (worn)
 j - a +0 cloak (worn)
Scrolls
 e - a scroll of torment {unknown}
 g - 2 scrolls of teleportation {unknown}
 i - a scroll of amnesia {unknown}
 l - a scroll of fear {unknown}
Potions
 c - 3 potions of invisibility
 d - 3 potions of heal wounds
 f - a potion of attraction {unknown}
 h - a potion of curing {unknown}
 k - a potion of cancellation {unknown}


   Skills:
 + Level 0.8 Fighting
 + Level 2.0 Short Blades
 + Level 3.3 Dodging
 + Level 5.0 Stealth
 + Level 3.3 Spellcasting
 + Level 4.0 Hexes


You had 8 spell levels left.
You didn't know any spells.
Your spell library contained the following spells:

 Spells                   Type           Power      Damage    Failure   Level
 Confusing Touch          Hex            15%        N/A       11%         3
 Tukima's Dance           Hex            15%        N/A       11%         3
 Ensorcelled Hibernation  Hex/Ice        18%        N/A       12%         2
 Dazzling Flash           Conj/Hex       18%        N/A       24%         3


Dungeon Overview and Level Annotations

Branches:
Dungeon (3/15)

Altars:

Portals:
Abyss: D:3

Annotations:
D:3 2 transporters, Ijyb


Innate Abilities, Weirdness & Mutations

You are very small and have problems with some larger weapons.
You are too small for most types of armour.
You have supernaturally acute eyesight. (SInv)
You cover ground extremely quickly. (Speed+++)


Message History

Ijyb is severely wounded.
Ijyb barely misses you.
You hit Ijyb but do no damage.
Ijyb is severely wounded.
Ijyb screams, "Level is mine!
All mine!"
Ijyb hits you with a +0 club.
You hit Ijyb but do no damage.
Ijyb is severely wounded.
Ijyb zaps a wand.
The bolt of acid misses you.
You closely miss Ijyb.
Ijyb is severely wounded.
Ijyb hits you with a +0 club.
You hit Ijyb.
Ijyb is severely wounded.
Ijyb zaps a wand.
The bolt of acid misses you.
Unknown command.
You closely miss Ijyb.
Ijyb is severely wounded.
Ijyb grins evilly.
Ijyb completely misses you.
You hit Ijyb but do no damage.
Ijyb is severely wounded.
Ijyb hits you with a +0 club.
You hit Ijyb but do no damage.
Ijyb is severely wounded.
You hit Ijyb but do no damage.
Ijyb is severely wounded.
Ijyb zaps a wand.
The bolt of acid misses you.
You hit Ijyb but do no damage.
Ijyb is severely wounded.
Ijyb hits you with a +0 club.
* * * LOW HITPOINT WARNING * * *
You closely miss Ijyb.
Ijyb is severely wounded.
Ijyb closely misses you.
You hit Ijyb but do no damage.
Ijyb is severely wounded.
Ijyb zaps a wand.
The bolt of acid hits you!!
Ouch! That really hurt!
You die...

..# ##.#.# #.# ##....
### #...# #.# ##...
#.### #.# ##.#
###.#.####.## ##.
..###.##.#.#########
#.#..#.###.........
#.#.##.#.###..####
#.#.###...........
#@#.#.......#.####
.......g#.#.......#.#
#########.#.......#.#
#.........#.#
###.......#.#
#.......#.# #########
#..<....#.# ........#
####.....[# #######.#
#.######


You could see Ijyb.

Vanquished Creatures
  2 adders (D:3)
  A worm (D:2)
  A dart slug (D:2)
  5 ball pythons
  3 bats
  An endoplasm (D:2)
  2 giant cockroaches
  5 hobgoblins
  4 kobolds (D:1)
  2 quokkas
  2 frilled lizards
  5 goblins
  2 rats
35 creatures vanquished.

Notes
Turn   | Place    | Note
-------+----------+-------------------------------------------
     0 | D:1      | Decritt the Spriggan Enchanter began the quest for the Orb.
     0 | D:1      | Reached XP level 1. HP: 9/9 MP: 5/5
   239 | D:1      | Reached XP level 2. HP: 10/13 MP: 6/6
   432 | D:1      | Noticed a great orb of eyes
   435 | D:1      | Found a faded altar of an unknown god.
   438 | D:1      | Noticed a golden eye
   440 | D:1      | Noticed a golden eye
   440 | D:1      | Noticed a great orb of eyes
  1098 | D:2      | Reached XP level 3. HP: 17/17 MP: 8/8
  1755 | D:3      | Found a transporter.
  1756 | D:3      | Noticed an ancient zyme
  1835 | D:3      | Reached skill level 5 in Stealth
  1864 | D:3      | Found a transporter.
  1865 | D:3      | Noticed a small abomination
  1934 | D:3      | Found a one-way gate to the infinite horrors of the Abyss.
  2001 | D:3      | Noticed Ijyb
  2017 | D:3      | Killed from afar by Ijyb

Illustrated notes

Levels and vault maps discovered:
D:1:      matt_arrival_refuge, layout_rooms,
          hellmonk_ecumenical_altar_watching_god
D:2:      layout_basic
D:3:      minmay_angry_zag, layout_loops_ring, gammafunk_ghost_abyssal_escape,
          st_stairs_3, uniq_ijyb

Skill      XL: |  1  2  3 |
---------------+----------+-----
Dodging        | 3 |  3.3
Spellcasting   | 3 |  3.3
Stealth        | 5 |  5.0
Hexes          | 4 |  4.0
Short Blades   | 2 |  2.0
Fighting       | |  0.8

Action                   || total
-------------------------++-------
Melee: Dagger            ||   155
       Punch             ||     1
  Use: Scroll            ||     2
 Stab: Sleeping          ||    10
       Distracted        ||     1
Armor: Robe              ||     8
Dodge: Dodged            ||   123

Table legend: (Time is in decaauts)
 A = Elapsed time spent in this place.
 B = Non-inter-level travel time spent in this place.
 C = Inter-level travel time spent in this place.
 D = Time resting spent in this place.
 E = Time spent auto-exploring this place.
 F = Levels seen in this place.
 G = Mean time per level.
                   A        B        C        D        E       F      G
               +--------+--------+--------+--------+--------+-----+--------+
         Total |   1398 |   1373 |     25 |    140 |    894 |   3 |  466.0 |
       Dungeon |   1398 |   1373 |     25 |    140 |    894 |   3 |  466.0 |
               +--------+--------+--------+--------+--------+-----+--------+

Top non-repeatable levels by time:
     D:1: 628 daAuts
     D:2: 416 daAuts
     D:3: 353 daAuts
